 Dungeon Crawl Stone Soup version 0.12.2-15-gdabe59b (webtiles) character file.

5860 stitch the Thrower (level 10, -2/82 HPs)
             Began as a Minotaur Berserker on Aug 14, 2013.
             Was an Elder of Trog.
             Slain by a boring beetle (30 damage)
             ... on Level 10 of the Dungeon.
             The game lasted 01:17:49 (7079 turns).

stitch the Thrower (Minotaur Berserker)             Turns: 7079, Time: 01:17:49

HP  -2/82        AC 10     Str 23      XL: 10   Next: 51%
MP   5/5         EV 13     Int  4      God: Trog [****..]
Gold 36          SH  0     Dex 13      Spells:  0 memorised,  9 levels left

Res.Fire  : + . .   See Invis. : .   a - +1,+2 hand axe {=f}
Res.Cold  : . . .   Warding    : .   f - +4 ring mail {rN+}
Life Prot.: + . .   Conserve   : .   (no shield)
Res.Poison: .       Res.Corr.  : .   (helmet restricted)
Res.Elec. : .       Clarity    : .   (no cloak)
Sust.Abil.: . .     Spirit.Shd : .   (no gloves)
Res.Mut.  : .       Stasis     : .   (no boots)
Res.Rott. : .       Ctrl.Telep.: .   (no amulet)
Saprovore : . . .   Flight     : .   (no ring)
                                     o - ring of protection from fire

@: regenerating, mildly poisoned, very resistant to hostile enchantments, very
unstealthy
A: retaliatory headbutt, horns 2, Str +1
a: Burn Spellbooks, Berserk, Trog's Hand, Brothers in Arms, Renounce Religion


You were on level 10 of the Dungeon.
You worshipped Trog.
Trog was extremely pleased with you.
You were not hungry.

You visited 1 branch of the dungeon, and saw 10 of its levels.

You collected 16 gold pieces.

Inventory:

Hand weapons
 a - a +1,+2 hand axe (weapon) {=f}
 e - a +1,+4 dagger of distortion
Missiles
 l - 9 darts (quivered)
 m - 13 darts of flame
 r - 25 poisoned arrows
 v - 7 needles of sickness
 x - 18 poisoned needles
Armour
 f - a +4 ring mail of positive energy (worn)
Magical devices
 c - a wand of enslavement (10)
 d - a wand of confusion (7)
 j - a wand of confusion (6)
 s - a wand of draining (2) {unknown}
 t - a wand of flame (11)
 y - a wand of random effects (12) {unknown}
Scrolls
 b - 5 scrolls of remove curse
 h - 2 scrolls of amnesia {unknown}
 k - a scroll of magic mapping
 q - a scroll of silence
Jewellery
 o - a ring of protection from fire (left hand)
Potions
 i - a potion of restore abilities
 w - a potion of speed


   Skills:
 + Level 6.2 Fighting
 + Level 8.3 Axes
 + Level 8.5 Throwing
 + Level 8.4 Armour
 + Level 8.3 Dodging
 + Level 1.0 Stealth
 + Level 2.0 Traps
 + Level 1.3 Evocations


You had 9 spell levels left.
You didn't know any spells.

Dungeon Overview and Level Annotations

Branches:
Dungeon (10/27) Temple (0/1) D:6 D:7 Orc: D:6-11 Lair: D:8-13

Altars:
Ashenzari
Cheibriados
Elyvilon
Kikubaaqudgha
Makhleb
Nemelex Xobeh
Trog

Annotations
D:8 Maurice


Innate Abilities, Weirdness & Mutations

You reflexively headbutt those who attack you in melee.
You have a pair of horns on your head.
Your muscles are strong (Str +1).


Message History

Trog accepts your kill.
You hear a grinding noise.
You feel sick. The boring beetle bites you!
You hear a grinding noise.
You hit the boring beetle but do no damage.
You feel sick.
You hear a grinding noise.
You hit the boring beetle but do no damage.
You headbutt the boring beetle!
The boring beetle is moderately wounded.
The boring beetle bites you.
You hit the boring beetle but do no damage.
You headbutt the boring beetle, but do no damage.
The boring beetle is moderately wounded.
You feel sick.
You hear a grinding noise.
You hit the boring beetle but do no damage.
The boring beetle is moderately wounded.
You feel sick. The boring beetle bites you!
You die...

....B..######
#....$..(...
###.......#
#.....<...# #
#.#.......#
#.##..#......#
#..........#.#
####B.#######^#
##..@#.# #
#......#
#.....%........
#...<.........
#.............
##?.....#.....
#....#.#....
#......##..
####.### .


You could see a boring beetle.

Vanquished Creatures
  Pikel (D:6)
  Psyche (D:8)
  A hill giant zombie (D:8)
  A queen bee (D:9)
  Grinder (D:3)
  Prince Ribbit (D:6)
  Eustachio (D:6)
  Edmund (D:5)
  A komodo dragon skeleton (D:6)
  A slave (D:6)
  3 ogres
  A centaur (D:8)
  2 lava worms (D:8)
  2 gnoll sergeants (D:7)
  6 giant frogs
  10 killer bees
  A jellyfish (D:7)
  4 crimson imps
  2 orc priests
  12 hounds
  A worker ant zombie (D:6)
  A gnoll shaman (D:7)
  2 iguanas
  6 scorpions
  7 worker ants
  An orc wizard (D:5)
  3 jellies
  A mummy (D:8)
  7 adders
  13 gnolls
  A green rat (D:6)
  2 giant mites
  An inept feature mimic (D:8)
  A shadow imp (D:6)
  A giant centipede (D:10)
  2 worms
  2 ufetubi (D:6)
  A grey rat (D:6)
  2 giant eyeballs
  3 giant geckos
  An ooze (D:7)
  23 orcs
  2 ball pythons (D:1)
  3 giant cockroaches
  6 hobgoblins
  11 kobolds
  2 quokkas
  19 bats
  9 giant newts
  11 goblins
  18 jackals
  An orc skeleton (D:8)
  An orc zombie (D:7)
  13 rats
  A rat zombie (D:5)
232 creatures vanquished.

Vanquished Creatures (collateral kills)
  Erolcha (D:8)
  A cyclops (D:8)
  An orc warrior (D:7)
  A yellow wasp (D:9)
  2 gnoll sergeants (D:7)
  Blork the orc (D:8)
  3 jellyfish (D:7)
  A killer bee (D:9)
  A crimson imp (D:6)
  A shadow (D:7)
  A quasit (D:6)
  3 hounds
  An orc priest (D:7)
  A worker ant (D:8)
  2 orc wizards (D:7)
  9 gnolls (D:7)
  An adder (D:8)
  A green rat (D:6)
  An iguana skeleton (D:7)
  A shadow imp (D:6)
  An ufetubus (D:6)
  An orc (D:7)
  2 grey rats (D:6)
  A hobgoblin (D:7)
  A jackal (D:7)
  A hobgoblin zombie (D:7)
  A rat (D:6)
42 creatures vanquished.

Vanquished Creatures (others)
  A two-headed ogre (D:8)
  3 ogres
  2 giant frogs (D:6)
  A kobold (D:6)
7 creatures vanquished.

Grand Total: 281 creatures vanquished

Notes
Turn   | Place    | Note
--------------------------------------------------------------
     0 | D:1      | stitch, the Minotaur Berserker, began the quest for the Orb.
     0 | D:1      | Reached XP level 1. HP: 19/19 MP: 0/0
   168 | D:1      | Reached XP level 2. HP: 24/26 MP: 0/0
   240 | D:1      | Reached skill level 4 in Axes
   443 | D:1      | Acquired Trog's second power
   502 | D:1      | Reached XP level 3. HP: 33/33 MP: 1/1
   795 | D:2      | Found an ancient bone altar of Kikubaaqudgha.
   809 | D:2      | Found a bloodstained altar of Trog.
   848 | D:2      | Found a shattered altar of Ashenzari.
   988 | D:2      | Reached skill level 1 in Throwing
  1457 | D:3      | Found a snail-covered altar of Cheibriados.
  1482 | D:3      | Reached XP level 4. HP: 17/40 MP: 1/1
  1815 | D:3      | Found a white marble altar of Elyvilon.
  1849 | D:3      | Noticed Grinder
  1857 | D:3      | Paralysed by Grinder for 2 turns
  1864 | D:3      | Killed Grinder
  1864 | D:3      | Reached XP level 5. HP: 19/46 MP: 1/1
  1864 | D:3      | Reached XP level 6. HP: 21/53 MP: 2/2
  2368 | D:3      | Paralysed by a potion of paralysis for 4 turns
  2593 | D:4      | Reached skill level 1 in Traps
  2630 | D:4      | Reached XP level 7. HP: 59/59 MP: 2/2
  2689 | D:4      | Paralysed by a giant eyeball for 2 turns
  2693 | D:4      | Paralysed by a giant eyeball for 2 turns
  2810 | D:4      | Reached skill level 5 in Axes
  2908 | D:4      | Found a burning altar of Makhleb.
  3078 | D:4      | Reached skill level 5 in Armour
  3271 | D:5      | Entered Level 5 of the Dungeon
  3696 | D:5      | Acquired Trog's third power
  4016 | D:5      | Noticed Edmund
  4026 | D:5      | Killed Edmund
  4026 | D:5      | Reached skill level 5 in Throwing
  4229 | D:6      | Reached XP level 8. HP: 40/67 MP: 2/2
  4233 | D:6      | Found a staircase to the Ecumenical Temple.
  4592 | D:6      | Noticed Prince Ribbit
  4604 | D:6      | Killed Prince Ribbit
  4608 | D:6      | Noticed Eustachio
  4614 | D:6      | Gained mutation: Your muscles are strong (Str +1). [potion of gain strength]
  4639 | D:6      | Killed Eustachio
  4639 | D:6      | Reached skill level 6 in Throwing
  4687 | D:6      | Reached skill level 5 in Dodging
  4948 | D:6      | Noticed Pikel
  4954 | D:6      | Killed Pikel
  4954 | D:6      | Reached XP level 9. HP: 73/73 MP: 3/3
  5042 | D:6      | Found a sparkling altar of Nemelex Xobeh.
  5080 | D:6      | Reached skill level 7 in Armour
  5140 | D:7      | Paralysed by a giant eyeball for 2 turns
  5153 | D:7      | Found a staircase to the Ecumenical Temple.
  5519 | D:7      | Reached skill level 5 in Fighting
  6178 | D:8      | Noticed Erolcha
  6182 | D:8      | Noticed Psyche
  6193 | D:8      | Killed Psyche
  6193 | D:8      | Reached skill level 1 in Evocations
  6195 | D:8      | Noticed a cyclops
  6197 | D:8      | Noticed Maurice
  6200 | D:8      | Noticed Blork the orc
  6205 | D:8      | Killed a cyclops
  6205 | D:8      | Reached skill level 8 in Armour
  6206 | D:8      | Killed Erolcha
  6206 | D:8      | Reached XP level 10. HP: 12/82 MP: 5/5
  6226 | D:8      | Found a staircase to the Lair.
  6234 | D:8      | Killed Blork the orc
  6837 | D:8      | Reached skill level 1 in Stealth
  6927 | D:8      | the staircase to the Lair was a mimic.
  7040 | D:10     | Entered Level 10 of the Dungeon
  7079 | D:10     | Slain by a boring beetle

Action                   |  1- 3 |  4- 6 |  7- 9 | 10-12 || total
-------------------------+-------+-------+-------+-------++-------
Melee: Hand axe          |    59 |    57 |   278 |    86 ||   480
Throw: Dart              |    88 |     8 |   149 |    30 ||   275
Invok: Berserk           |     1 |     2 |     6 |     2 ||    11
       Trog's Hand       |       |     2 |     4 |     4 ||    10
       Brothers in Arms  |       |       |     5 |     4 ||     9
       Burn Spellbooks   |       |       |     1 |       ||     1
Evoke: Wand              |       |       |     5 |       ||     5
  Use: Potion            |     4 |     5 |     8 |     5 ||    22
       Scroll            |    10 |     2 |    10 |     5 ||    27
